asdf, lawful male human Samurai -----.----- ----------- ----------- ----------- |......(...#### |.........| |.........| |.........| |...%.!..G| # |.........| |..........#######..<.......| |.......@.| ### |..%......| |.........| |.........| |.{.....e.| # |.........| |.........| |.........| |.........| ##....{......#######..........| |.........| ----------- ----------- ----------- ----------- asdf the Ninja Experience level: 7 Strength: 16 Dexterity: 16 Constitution: 18 Intelligence: 9 Wisdom: 7 Charisma: 8 Health: 0(72) Energy: 23(23) AC: 3 Gold: 530 Moves: 2325 Your Inventory: Coins $ - 530 gold pieces Amulets n - a cursed amulet of restful sleep Weapons a - an uncursed +0 katana (weapon in hand) b - an uncursed corroded +3 wakizashi (wielded in other hand) c - an uncursed +0 yumi d - 26 uncursed +0 ya (in quiver) Armor e - an uncursed rustproof +1 splint mail (being worn) Scrolls p - an uncursed scroll of light s - a cursed scroll of create monster z - a [cursed] scroll labeled VENZAR BORGAVVE [of confuse monster] A - a [cursed] scroll labeled VERR YED HORRE [of gold detection] C - an [uncursed] scroll labeled THARR [of charging] Spellbooks h - an uncursed spellbook of charm monster Potions o - an [uncursed] yellow potion [of sake] r - a [cursed] ochre potion [of enlightenment] B - an [uncursed] orange potion [of levitation] Rings j - an uncursed ring of regeneration (on right hand) u - a [cursed] porcelain ring [of free action] Wands t - a [cursed] mithril wand [of probing (0:4)] Gems m - an uncursed worthless piece of black glass Spells known in the end: Name Level Category Fail Memory Your skills at the end: Fighting Skills martial arts [Basic / Master] Weapon Skills short sword [Basic / Expert] long sword [Basic / Expert] bow [Basic / Expert] Spellcasting Skills Final Attributes: You were piously aligned. Hunger level was 222. Your alignment was 21 / 21. Monster difficulty range was 1 - 7. Level difficulty was 7. You regenerated. You were fast. You were wielding two weapons at once. Your luck was zero. You are dead. Vanquished creatures: 2 small mimics a soldier ant a pony 2 giant ants a little dog a kitten a homunculus 8 hill orcs a rabid rat an acid blob a hobgoblin a brown mold 2 yellow molds 2 green molds a red mold a gnome zombie 2 geckos 2 jackals a goblin 2 grid bugs 4 lichens 6 newts 44 creatures vanquished. Voluntary challenges: You were an atheist. You followed a strict vegan diet. You used a wielded weapon 62 times. You read items or engraved 5 times. You put on armor 1 time. You never genocided any monsters. You never polymorphed an object. You never changed form. You used no wishes. You wrote Elbereth's name 1 time. You encountered 2 bones levels. You never used any Sokoban shortcuts. Dungeon overview: The Dungeons of Doom: levels 1 to 7 Level 1 a long staircase Level 2 a long staircase Level 3 a general store, a fountain, a sink Level 5 a general store Level 7 <- You were here some fountains History has recorded: On T:1 you entered the Dungeons of Doom to retrieve the Amulet of Yendor! On T:316 you advanced to experience level 2. On T:419 you reached level 2 of The Dungeons of Doom. On T:582 you advanced to experience level 3. On T:804 you reached level 3 of The Dungeons of Doom. On T:955 you advanced to experience level 4. On T:1219 you reached level 4 of The Dungeons of Doom. On T:1336 you advanced to experience level 5. On T:1541 you reached level 5 of The Dungeons of Doom. On T:1809 you advanced to experience level 6. On T:2019 you reached level 6 of The Dungeons of Doom. On T:2171 you advanced to experience level 7. On T:2255 you reached level 7 of The Dungeons of Doom. Latest messages: The gnome king hits! [HP-3=55] The gnome king hits! [HP-11=44] The gnome king hits! [HP-8=36] [HP+1=37] [HP+1=38] The gnome king hits! [HP-8=30] [HP+1=31] The gnome king hits! [HP-9=22] The gnome king hits! [HP-10=12] [HP+1=13] The gnome king hits! [HP-3=10] The gnome king hits! [HP-3=7] [HP+1=8] The gnome king hits! You die... Final status: Sayonara asdf the Samurai... You died in The Dungeons of Doom on dungeon level 7 with 2487 points, and 530 pieces of gold, after 2325 moves. You were level 7 with a maximum of 72 hit points when you died.